 Dungeon Crawl Stone Soup version 0.28.0-47-ge53b351184 (webtiles) character file.

Game seed: 695344115998595593

3370 pkoi the Martial Artist (level 9, 0/71 (79) HPs)
             Began as a Demigod Gladiator on May 7, 2022.
             Slain by Harold
             ... wielding a +0 flail
              (10 damage)
             ... on level 7 of the Dungeon.
             The game lasted 00:14:02 (13610 turns).

pkoi the Martial Artist (Demigod Gladiator)        Turns: 13610, Time: 00:14:02

HP:   0/71 (79)     AC: 11    Str: 15    XL:     9   Next: 45%
MP:   11/11         EV: 11    Int: 22    God:
Gold: 96            SH:  4    Dex: 15    Spells: 8/8 levels left

rFire   . . .      SeeInvis .   d - +1 dagger (venom)
rCold   . . .      Faith    .   t - +0 buckler
rNeg    . . .      Spirit   .   o - +2 ring mail of Experimentation {rPois Will+}
rPois   +          Reflect  .   b - +0 helmet
rElec   .          Harm     .   (no cloak)
rCorr   .          Rampage  .   (no gloves)
Will    +....                   j - +0 pair of boots
Stlth   +.........              (no amulet)
HPRegen 0.21/turn               (no ring)
MPRegen 0.12/turn               (no ring)

@: heavily drained
A: high MP 1, forlorn, divine attributes
a: no special abilities


You were on level 7 of the Dungeon.
You visited 1 branch of the dungeon, and saw 8 of its levels.

You collected 294 gold pieces.
You spent 198 gold pieces at shops.

Inventory:

Hand Weapons
 d - a +1 dagger of venom (weapon)
 f - a +2 whip of electrocution
 u - a +1 dagger of draining
Missiles
 c - 4 throwing nets (quivered)
 m - 7 poisoned darts
Armour
 a - a +0 leather armour
 b - a +0 helmet (worn)
 i - a +0 chain mail
 j - a +0 pair of boots (worn)
 o - the +2 ring mail of Experimentation (worn) {rPois Will+}
   (You bought it in a shop on level 6 of the Dungeon)

   rPois:     It protects you from poison.
   Will:      It increases your willpower.
 t - a +0 buckler (worn)
Wands
 h - a wand of digging (5)
Scrolls
 g - a scroll of fog
 l - 2 scrolls of teleportation
 p - 3 scrolls of enchant weapon
 q - a scroll of amnesia
 r - a scroll of magic mapping {unknown}
 s - a scroll of identify
Potions
 e - 3 potions of brilliance
 n - a potion of berserk rage


   Skills:
 + Level 7.1 Fighting
 - Level 1.7 Throwing
 + Level 6.7 Armour
 - Level 3.0 Dodging
 + Level 0.7 Shields
 * Level 8.4 Unarmed Combat


You had 8 spell levels left.
You didn't know any spells.
Your spell library contained the following spells:

 Spells                   Type           Power      Damage    Failure   Level
 Static Discharge         Conj/Air       0%         N/A       52%         2
 Tukima's Dance           Hex            0%         N/A       77%         3
 Anguish                  Hex/Necr       0%         N/A       99%         4
 Lightning Bolt           Conj/Air       0%         1d11      100%        5
 Dispersal                Tloc           0%         N/A       100%        6
 Enfeeble                 Hex            0%         N/A       100%        7
 Disjunction              Tloc           0%         N/A       100%        8
 Maxwell's Capacitive Co  Air            0%         ∞         100%        8


Dungeon Overview and Level Annotations

Branches:
Dungeon (8/15)             Temple (0/1) D:6
   Lair: D:8-11

Shops:
D:6 [

Annotations:
D:4 1 runed translucent door, Crazy Yiuf
D:7 Harold


Innate Abilities, Weirdness & Mutations

You have an increased reservoir of magic. (+10% MP)
You shall have no god before yourself.
Your divine heritage dramatically boosts your attributes as you level up.


Message History

You struggle against the net.
Harold hits you with a +0 flail.
* * * LOW HITPOINT WARNING * * *
You shred the net and break free! Harold hits you with a +0 flail!
* * * LOW HITPOINT WARNING * * *
You punch the orc wizard!
The orc wizard is heavily wounded.
The orc wizard closely misses you.
You hit the orc wizard.
The orc wizard is almost dead.
The orc wizard casts a spell at you. The magic dart hits you!
* * * LOW HITPOINT WARNING * * *
You closely miss the orc wizard.
The orc wizard is almost dead.
The orc wizard hits you but does no damage.
Unknown command.
You punch the orc wizard!
You kill the orc wizard!
Unknown command.
Your +1 dagger of venom begins to drip with poison!
d - a +1 dagger of venom (weapon)
Harold hits you with a +0 flail.
* * * LOW HITPOINT WARNING * * *
You hit Harold.
Harold is poisoned.
Harold is lightly wounded.
Harold hits you with a +0 flail.
* * * LOW HITPOINT WARNING * * *
You hit Harold but do no damage.
Harold looks as sick as possible!
Harold is lightly wounded.
Harold hits you with a +0 flail!
* * * LOW HITPOINT WARNING * * *
You hit Harold but do no damage.
Harold looks as sick as possible!
Harold is lightly wounded.
Harold closely misses you. Harold fires a harpoon shot at you.
The harpoon shot hits you!
* * * LOW HITPOINT WARNING * * *
You are yanked forward by the harpoon shot.
You feel better. Harold hits you with a +0 flail!
You die...

#.###############.# #(#
#.#### #.# #..... #.#
###### #.# #....#
#o###############.##.#
#>[[..................
#[##########.........#
#...@@...# #.........#
#..#####.# #.........#
#..#...#.###.........#
#.....................
####.#######.).......# #.#
#............# ########.#
#.############ #........#
#.# #
#.###########.############


You could see Harold (extremely poisoned).

Vanquished Creatures
  Pikel (D:3)
  Edmund (D:4)
  2 water moccasins
  2 ice beasts
  4 black bears
  3 ogres
  2 centaurs
  A lemure (D:3)
  A phantom (D:6)
  A kobold brigand (D:6)
  A bullfrog (D:7)
  A gnoll sergeant (D:7)
  4 scorpions
  2 water moccasin skeletons (D:5)
  4 killer bees (D:7)
  A howler monkey (D:5)
  A bullfrog zombie (D:5)
  3 jellies
  3 centaur zombies
  A hound (D:5)
  A bullfrog skeleton (D:5)
  A centaur skeleton (D:5)
  Natasha (thrice) (D:2)
  3 orc wizards (D:7)
  A hound zombie (D:5)
  7 gnolls
  A river rat (D:4)
  7 adders
  An ufetubus (D:6)
  3 dart slugs
  7 orcs
  7 ball pythons
  6 endoplasms
  3 giant cockroaches
  6 goblins
  6 hobgoblins
  6 jackals
  12 kobolds
  4 quokkas
  6 bats
  4 frilled lizards
  13 rats
147 creatures vanquished.

Vanquished Creatures (collateral kills)
  A water moccasin (D:7)
1 creature vanquished.

Vanquished Creatures (others)
  23 fungi (D:8)
  16 plants (D:8)
39 creatures vanquished.

Grand Total: 187 creatures vanquished

Notes
Turn   | Place    | Note
-------+----------+-------------------------------------------
     0 | D:1      | pkoi the Demigod Gladiator began the quest for the Orb.
     0 | D:1      | Reached XP level 1. HP: 17/17 MP: 3/3
    36 | D:1      | Reached skill level 3 in Unarmed Combat
   171 | D:1      | Reached XP level 2. HP: 23/24 MP: 4/4
   939 | D:1      | Reached XP level 3. HP: 19/29 MP: 5/5
  1763 | D:2      | Noticed Natasha
  2219 | D:2      | Reached skill level 1 in Armour
  2253 | D:2      | Killed Natasha
  2738 | D:2      | Reached XP level 4. HP: 18/37 MP: 6/6
  2763 | D:2      | Noticed Natasha
  2775 | D:2      | Killed Natasha
  3054 | D:2      | Noticed Natasha
  3772 | D:2      | Killed Natasha
  3834 | D:2      | Reached skill level 4 in Unarmed Combat
  4234 | D:2      | Reached XP level 5. HP: 37/45 MP: 7/7
  6012 | D:4      | Noticed Pikel
  6354 | D:4      | Noticed Edmund
  6385 | D:3      | Killed Pikel
  6386 | D:3      | Reached skill level 5 in Unarmed Combat
  6386 | D:3      | Reached XP level 6. HP: 18/53 MP: 8/8
  6386 | D:3      | Reached XP level 7. HP: 20/60 MP: 9/9
  6732 | D:4      | Killed Edmund
  7355 | D:4      | Found a runed translucent door.
  7356 | D:4      | Noticed Crazy Yiuf
  7833 | D:5      | Entered Level 5 of the Dungeon
  7840 | D:5      | Reached skill level 5 in Fighting
  8043 | D:5      | Reached skill level 6 in Unarmed Combat
  8043 | D:5      | Reached XP level 8. HP: 59/68 MP: 10/10
  8201 | D:5      | Reached skill level 5 in Armour
  9519 | D:6      | Found Roode's Antique Armour Shoppe.
  9655 | D:6      | Found a staircase to the Ecumenical Temple.
  9693 | D:6      | Reached skill level 7 in Unarmed Combat
  9997 | D:6      | Bought a warped ring mail for 198 gold pieces
  9997 | D:6      | Identified the +2 ring mail of Experimentation {rPois
                  | Will+} (You bought it in a shop on level 6 of the Dungeon)
 11053 | D:7      | Reached XP level 9. HP: 71/78 MP: 11/11
 11878 | D:7      | Reached skill level 8 in Unarmed Combat
 12971 | D:8      | Noticed Harold
 13610 | D:7      | Slain by Harold

Illustrated notes

Levels and vault maps discovered:
D:1:      sevenhm_arrival_forest_fort_large_4, layout_loops_corners,
          kennysheep_decorative_pillar
D:2:      layout_rooms, ebering_ecumenical_altar_sacrificial,
          minmay_misc_feat_four_crosses, uniq_natasha
D:3:      layout_basic, lemuel_crystal_altar
D:4:      layout_rooms, nicolae_overflow_crystal_walls,
          nicolae_overflow_hidden_temple, portal_sewer_entry_a,
          item_on_display_a, uniq_crazy_yiuf_cottage, uniq_pikel, uniq_edmund
D:5:      minmay_angry_zag, layout_loops_corners
D:6:      layout_rooms, mainiacjoe_overflow_catwalk_spiral,
          minmay_temple_entry_antechambers, serial_shops, nicolae_shop_stone,
          minivault_25
D:7:      layout_basic, overflow_temple_1_default
D:8:      layout_basic, mainiacjoe_overflow_surrounded_room,
          due_lair_maze_entry_diamond, uniq_harold

Skill      XL: |  1  2  3  4  5  6  7  8  9 |
---------------+----------------------------+-----
Unarmed Combat | 3 4 5 6 7 8 |  8.4
Fighting       | 2 3 4 5 6 7 |  7.1
Armour         | 1 2 3 4 6 |  6.7
Dodging        | 3 |  3.0
Throwing       | |  1.7
Shields        | |  0.7

Action                   |  1- 3 |  4- 6 |  7- 9 || total
-------------------------+-------+-------+-------++-------
Melee: Unarmed           |     8 |       |   198 ||   206
       Dagger            |   124 |   145 |   109 ||   378
       Punch             |     3 |     2 |    15 ||    20
       Whip              |       |       |    87 ||    87
Throw: Throwing net      |       |       |     1 ||     1
  Use: Scroll            |     3 |     4 |     5 ||    12
       Potion            |       |     1 |     4 ||     5
 Stab: Sleeping          |     1 |       |       ||     1
Armor: Leather armour    |    36 |    38 |       ||    74
       Chain mail        |       |    30 |   144 ||   174
       Ring mail         |       |       |    99 ||    99
       Skin              |       |       |    13 ||    13
Dodge: Dodged            |    86 |   102 |   183 ||   371
Block: Buckler           |       |       |     4 ||     4
